Map: [ESL] Cosmic Sapphire

Players

trigger - Winner!

  • Race: Protoss Protoss
  • Spawn Location: 11:00

Bioice

  • Race: Zerg Zerg
  • Spawn Location: 5:00

Event: DreamHack SC2 Masters 2022 Atlanta (Online)

VOD

Have the link to the VOD?

Description

Time

  • Played on: Oct. 7, 2022, 4:35 p.m.
  • Length: 24:04

All games in this series

Show
View Real Time Build Order
Export as new Build Order

trigger Protoss - Winner!

Build Orders: 1 Gate Expand, Oracle Opening, Carriers 

Get SALT Encoding   

  12  0:00  Probe  
  13  0:12  Probe  
  14  0:19  Pylon  
  14  0:24  Probe  
  15  0:28  Assimilator  
  15  0:37  Probe (Chrono Boost)  
  16  0:43  Gateway  
  16  0:47  Probe (Chrono Boost)  
  17  0:53  Probe  
  18  1:05  Probe  
  19  1:17  Probe  
  20  1:24  Nexus  
  20  1:33  Cybernetics Core  
  20  1:38  Assimilator  
  20  1:42  Probe  
  21  1:47  Pylon  
  21  1:54  Probe  
  22  2:06  Probe (Chrono Boost)  
  23  2:09  Stalker  
  23  2:14  Stargate  
  26  2:16  Probe (Chrono Boost)  
  26  2:21  Probe (Chrono Boost)  
  26  2:24  Warp Gate  
  27  2:33  Probe (Chrono Boost)  
  29  2:37  Probe (Chrono Boost)  
  29  2:39  Adept  
  29  2:41  Probe (Chrono Boost)  
  33  2:45  Probe (Chrono Boost)  
  33  2:48  Probe (Chrono Boost)  
  33  2:50  Probe (Chrono Boost)  
  34  2:53  Gateway  
  35  2:59  Probe  
  35  3:00  Oracle (Chrono Boost)  
  35  3:03  Probe  
  40  3:11  Probe  
  41  3:16  Probe  
  41  3:17  Pylon  
  42  3:23  Probe  
  43  3:32  Oracle (Chrono Boost)  
  46  3:35  Probe  
  46  3:38  Probe  
  48  3:47  Probe  
  49  3:50  Probe  
  50  3:55  Assimilator  
  50  3:57  Pylon  
  50  3:59  Nexus, Probe  
  50  4:01  Pylon  
  50  4:02  Probe  
  52  4:06  Assimilator  
  52  4:11  Probe  
  52  4:14  Twilight Council  
  52  4:15  Oracle, Probe  
  57  4:18  Forge  
  57  4:23  Probe  
  55  4:32  Probe  
  55  4:35  Probe (Chrono Boost)  
  57  4:38  Sentry  
  57  4:39  Sentry  
  57  4:40  Gateway x2  
  57  4:44  Probe (Chrono Boost)  
  62  4:47  Probe (Chrono Boost)  
  63  4:54  Protoss Ground Weapons Level 1  
  63  4:55  Probe (Chrono Boost)  
  63  4:56  Probe (Chrono Boost)  
  63  4:58  Pylon  
  63  4:59  Probe (Chrono Boost)  
  65  5:01  Shield Battery  
  65  5:02  Adept x2  
  70  5:07  Blink (Chrono Boost)  
  70  5:10  Pylon  
  72  5:14  Probe (Chrono Boost)  
  72  5:15  Probe (Chrono Boost)  
  72  5:19  Probe (Chrono Boost)  
  73  5:24  Probe (Chrono Boost)  
  73  5:26  Probe (Chrono Boost)  
  73  5:27  Probe (Chrono Boost)  
  73  5:29  Probe (Chrono Boost)  
  73  5:32  Stalker x2  
  73  5:35  Probe, Stalker x2  
  81  5:38  Probe  
  81  5:41  Probe, Pylon  
  85  5:47  Probe  
  86  5:54  Nexus  
  86  5:57  Stalker x2  
  86  5:59  Stalker  
  86  6:00  Stalker  
  94  6:05  Probe x2  
  92  6:18  Probe  
  92  6:21  Photon Cannon  
  92  6:22  Assimilator  
  93  6:25  Assimilator  
  93  6:26  Stalker x4  
  93  6:28  Pylon  
  87  6:33  Robotics Facility  
  87  6:37  Gateway  
  87  6:38  Probe x3  
  87  6:39  Gateway  
  90  6:50  Stalker x4  
  90  6:52  Probe, Protoss Ground Weapons Level 2 (Chrono Boost)  
  99  7:00  Shield Battery  
  99  7:01  Nexus  
  99  7:02  Photon Cannon  
  99  7:05  Shield Battery  
  99  7:06  Photon Cannon  
  99  7:11  Shield Battery  
  99  7:22  Robotics Bay  
  99  7:24  Robotics Facility, Probe x2  
  99  7:25  Templar Archives  
  99  7:26  Probe  
  102  7:32  Pylon  
  102  7:33  Photon Cannon  
  102  7:36  Probe x2  
  104  7:45  Gateway  
  104  7:47  Gateway  
  104  7:48  Pylon  
  104  7:49  Pylon  
  104  7:51  Photon Cannon  
  104  7:52  Shield Battery  
  104  7:58  Probe x2  
  106  8:04  Observer (Chrono Boost)  
  107  8:07  Pylon  
  107  8:09  Pylon  
  107  8:10  Assimilator  
  110  8:14  Disruptor (Chrono Boost), Assimilator  
  110  8:16  Disruptor (Chrono Boost)  
  113  8:23  High Templar  
  113  8:24  High Templar x2  
  113  8:25  High Templar  
  121  8:28  Archon, Photon Cannon  
  121  8:30  Photon Cannon  
  121  8:31  Photon Cannon  
  121  8:32  Archon  
  121  8:34  Zealot x2  
  125  8:44  Disruptor (Chrono Boost)  
  125  8:47  Disruptor (Chrono Boost), Charge (Chrono Boost)  
  131  8:55  Photon Cannon  
  131  9:07  Zealot x6  
  131  9:08  Zealot x2  
  131  9:09  Disruptor (Chrono Boost)  
  147  9:10  Pylon  
  147  9:12  Disruptor (Chrono Boost), Pylon  
  153  9:28  Nexus  
  153  9:29  Pylon  
  153  9:38  Disruptor (Chrono Boost), Zealot x5  
  153  9:39  Zealot x3  
  153  9:41  Disruptor (Chrono Boost)  
  164  10:03  Zealot x8  
  160  10:11  Disruptor (Chrono Boost)  
  139  10:19  Disruptor (Chrono Boost)  
  139  10:25  Photon Cannon  
  139  10:28  Shield Battery  
  139  10:32  Zealot, Stargate  
  139  10:33  Fleet Beacon  
  139  10:34  Stargate, High Templar x4  
  149  10:37  Immortal (Chrono Boost)  
  149  10:38  Archon x2, Protoss Air Weapons Level 1 (Chrono Boost)  
  149  10:41  Unknown  
  153  10:43  Probe  
  153  10:44  Probe  
  153  10:45  Zealot x3  
  153  10:48  Observer  
  161  10:55  Zealot  
  163  10:58  Immortal  
  167  11:09  Disruptor  
  170  11:15  Carrier x2 (Chrono Boost)  
  170  11:16  Carrier (Chrono Boost)  
  182  11:24  Shield Battery, Photon Cannon  
  188  11:27  Pylon  
  188  11:39  Observer  
  183  11:55  Zealot x8, Stargate  
  183  12:00  Stargate  
  197  12:03  Carrier (Chrono Boost)  
  195  12:09  Protoss Shields Level 1 (Chrono Boost)  
  195  12:10  Photon Cannon  
  195  12:16  Psionic Storm  
  195  12:19  Photon Cannon  
  197  12:36  Zealot x8  
  192  12:37  Carrier (Chrono Boost)  
  192  12:38  Carrier (Chrono Boost)  
  192  12:52  Disruptor x2  
  192  12:57  High Templar  
  188  13:22  Zealot x7  
  188  13:23  Protoss Air Weapons Level 2 (Chrono Boost)  
  186  13:31  Zealot  
  173  13:41  Carrier x2  
  171  13:43  Zealot, Observer  
  173  13:56  High Templar x3  
  173  13:59  Nexus  
  179  14:05  Observer  
  164  14:27  Carrier  
  164  14:29  Zealot x5  
  180  14:34  Shield Battery, High Templar x2  
  180  14:38  High Templar  
  186  14:41  Archon  
  186  14:48  Photon Cannon  
  186  15:03  Protoss Shields Level 2 (Chrono Boost)  
  186  15:05  Carrier  
  186  15:06  Carrier  
  184  15:31  Oracle  
  178  15:54  Archon  
  178  15:57  Zealot x8  
  151  16:05  Carrier  
  149  16:13  Carrier  
  141  16:20  Carrier  
  153  16:32  High Templar x3  
  159  16:33  High Templar x2  
  159  16:34  Immortal  
  159  16:38  Archon  
  161  17:00  High Templar x2  
  165  17:02  Nexus  
  165  17:04  Archon, Protoss Air Weapons Level 3 (Chrono Boost)  
  165  17:09  Void Ray  
  165  17:10  Probe  
  165  17:14  Pylon  
  170  17:17  High Templar  
  170  17:18  High Templar  
  170  17:19  Zealot x4  
  170  17:22  Archon  
  180  17:35  High Templar x2  
  182  17:39  Archon  
  182  17:43  Void Ray (Chrono Boost)  
  194  18:04  Void Ray x2 (Chrono Boost)  
  194  18:10  Photon Cannon  
  194  18:11  Photon Cannon  
  192  18:16  Void Ray x2 (Chrono Boost)  
  192  18:19  Void Ray (Chrono Boost), Flux Vanes  
  184  18:32  Zealot  
  180  18:36  Shield Battery  
  184  18:44  Zealot  
  184  18:47  Void Ray  
  184  18:48  Void Ray  
  187  18:53  Zealot x4  
  192  19:11  Protoss Shields Level 3 (Chrono Boost)  
  192  19:18  Gravitic Boosters  
  192  19:21  Mothership (Chrono Boost)  
  200  19:37  Assimilator  
  200  19:42  Assimilator  
  198  20:00  Protoss Air Armor Level 1 (Chrono Boost), Photon Cannon  
  198  20:02  Photon Cannon  
  198  20:03  Shield Battery, Nexus  
  198  20:05  Pylon  
  198  20:17  High Templar x3  
  188  21:20  Zealot  
  188  21:21  Zealot, Pylon  
  188  21:24  Tempest (Chrono Boost)  
  192  21:31  Assimilator  
  200  21:41  Photon Cannon  
  200  21:42  Photon Cannon  
  200  21:44  Photon Cannon  
  200  21:46  Oracle (Chrono Boost), Photon Cannon  
  200  21:48  Photon Cannon  
  200  21:50  Pylon  
  200  21:53  Assimilator  
  200  21:55  Photon Cannon  
  200  21:56  Photon Cannon  
  200  21:57  Photon Cannon  
  200  21:58  Shield Battery  
  200  22:00  Shield Battery  
  200  22:03  Photon Cannon  
  200  22:05  Pylon  
  200  22:23  Zealot x2  
  200  22:33  Photon Cannon  
  200  22:36  Photon Cannon  
  200  22:38  Photon Cannon  
  200  22:40  Photon Cannon  
  200  22:41  Photon Cannon  
  200  22:43  Shield Battery  
  200  22:48  Photon Cannon  
  200  22:51  Photon Cannon  
  200  22:53  Photon Cannon  
  196  23:17  Zealot x2  
  196  23:18  Zealot  
Show
View Real Time Build Order
Export as new Build Order

Bioice Zerg 

Build Orders: Hatch First, Lurkers 

Get SALT Encoding   

  12  0:00  Drone  
  13  0:12  Overlord  
  13  0:16  Drone  
  14  0:31  Drone x2  
  16  0:49  Hatchery  
  15  0:51  Drone  
  15  0:55  Drone  
  17  0:59  Drone  
  18  1:06  Extractor  
  17  1:14  Spawning Pool  
  17  1:18  Drone  
  17  1:20  Drone  
  18  1:28  Drone  
  19  1:39  Drone  
  20  1:49  Drone  
  21  2:00  Queen  
  21  2:01  Queen, Drone  
  25  2:02  Overlord  
  26  2:12  Drone x2  
  28  2:22  Drone x2  
  30  2:24  Metabolic Boost  
  30  2:34  Hatchery  
  30  2:36  Zergling x2  
  30  2:41  Queen  
  32  2:46  Overlord  
  32  2:50  Drone x2  
  34  2:53  Drone  
  34  2:55  Drone  
  36  3:04  Overlord  
  36  3:07  Queen  
  36  3:09  Drone x2  
  36  3:10  Drone  
  41  3:14  Drone  
  41  3:17  Queen  
  44  3:21  Overlord  
  44  3:25  Drone  
  44  3:26  Drone  
  46  3:29  Spore Crawler  
  46  3:30  Drone  
  46  3:39  Overlord  
  46  3:41  Drone x3  
  48  3:44  Evolution Chamber  
  48  3:48  Drone x2  
  50  3:50  Drone  
  50  3:52  Drone x2  
  50  3:53  Drone  
  54  3:57  Drone  
  54  4:01  Drone  
  56  4:03  Drone  
  56  4:07  Spore Crawler  
  56  4:08  Spore Crawler  
  56  4:09  Drone  
  56  4:15  Hatchery  
  55  4:17  Zerg Melee Weapons Level 1  
  55  4:18  Drone  
  55  4:23  Drone x3  
  57  4:32  Drone x6  
  57  4:33  Drone  
  64  4:38  Overlord  
  64  4:44  Overlord  
  64  4:48  Zergling x4  
  64  4:50  Overlord x2  
  66  4:55  Overlord  
  66  4:57  Drone x3  
  66  4:58  Drone x3  
  66  4:59  Lair  
  72  5:00  Drone  
  72  5:04  Drone x2, Extractor x4  
  71  5:08  Drone x2  
  71  5:09  Drone, Extractor  
  71  5:10  Drone  
  74  5:16  Drone  
  74  5:17  Roach Warren  
  74  5:18  Drone x3  
  77  5:23  Drone  
  77  5:24  Drone x3  
  79  5:34  Drone x3  
  82  5:38  Overlord  
  82  5:40  Drone x6  
  88  5:47  Extractor  
  88  5:49  Zergling x18  
  96  5:55  Extractor  
  96  5:56  Queen  
  97  5:57  Zergling x4, Spore Crawler  
  97  6:01  Roach x2  
  97  6:02  Roach  
  104  6:05  Roach x3  
  108  6:16  Roach x2  
  109  6:19  Roach  
  109  6:24  Zergling x4  
  111  6:29  Roach  
  111  6:37  Overlord x7  
  111  6:38  Overlord  
  111  6:43  Hydralisk Den, Overlord x2  
  111  6:45  Infestation Pit, Zerg Missile Weapons Level 1  
  109  6:47  Glial Reconstitution  
  109  6:54  Overlord x2  
  108  6:55  Drone x3  
  108  6:57  Drone x2  
  108  6:59  Drone  
  108  7:00  Drone  
  108  7:01  Drone  
  116  7:06  Drone x3  
  119  7:12  Drone  
  119  7:13  Drone x2  
  122  7:19  Drone x7  
  122  7:22  Hive  
  129  7:24  Lurker Den  
  129  7:26  Muscular Augments  
  129  7:27  Ravager x3  
  129  7:28  Ravager  
  132  7:31  Ravager x6  
  132  7:34  Roach  
  132  7:35  Zergling x2, Roach  
  143  7:37  Spine Crawler  
  143  7:39  Zergling x2, Roach  
  143  7:42  Queen  
  147  7:56  Hatchery  
  147  7:57  Hydralisk x5  
  156  8:01  Spine Crawler  
  155  8:06  Drone  
  155  8:07  Drone  
  155  8:08  Hydralisk x4  
  165  8:14  Hydralisk x4  
  173  8:20  Hydralisk x3  
  173  8:24  Lurker  
  173  8:25  Lurker  
  181  8:35  Lurker x4  
  182  8:43  Spine Crawler  
  182  8:44  Lurker x2  
  183  8:50  Adaptive Talons  
  183  8:51  Drone, Extractor  
  183  8:52  Drone x8, Extractor  
  183  8:54  Lurker  
  191  9:01  Zerg Missile Weapons Level 2  
  191  9:12  Lurker x2  
  192  9:19  Hydralisk  
  192  9:20  Zergling x4  
  192  9:21  Zergling x6  
  197  9:36  Zergling x14  
  199  9:47  Seismic Spines  
  197  9:56  Zergling x2, Hydralisk x2  
  194  10:02  Hydralisk x6  
  194  10:03  Zergling x2  
  194  10:05  Hydralisk x11  
  181  10:08  Hydralisk  
  178  10:18  Hydralisk  
  178  10:19  Zergling x16  
  179  10:21  Hydralisk x3  
  179  10:23  Lurker  
  179  10:28  Hydralisk x2  
  177  10:29  Zergling x2  
  177  10:30  Zergling x6  
  177  10:33  Hydralisk x2  
  187  10:36  Zergling x2  
  187  10:39  Zergling x2  
  187  10:40  Lurker  
  187  10:41  Lurker  
  191  10:44  Grooved Spines  
  191  10:45  Zergling x6  
  194  10:51  Overseer x2, Hatchery  
  194  10:53  Zergling x2, Lurker  
  194  10:56  Zergling x12  
  198  10:58  Zergling x2  
  198  10:59  Zergling x2  
  198  11:03  Zergling x2  
  192  11:14  Lurker x6  
  192  11:17  Zergling x12  
  200  11:28  Hatchery  
  200  11:30  Zergling x2  
  198  11:50  Zergling x10  
  199  12:01  Zergling x2  
  193  12:02  Zergling x12  
  195  12:11  Hydralisk  
  195  12:12  Lurker x4  
  195  12:13  Lurker  
  197  12:22  Hydralisk x3  
  193  12:26  Spire  
  193  12:28  Spire  
  163  12:37  Hydralisk  
  163  12:38  Hydralisk x17  
  197  13:00  Hydralisk  
  192  13:07  Hydralisk  
  192  13:08  Hydralisk x3  
  182  13:34  Hydralisk  
  182  13:35  Hydralisk x14  
  169  13:46  Greater Spire, Zerg Flyer Armor Level 1  
  169  13:47  Hydralisk x5  
  166  13:49  Lurker x3  
  166  13:50  Lurker x2  
  166  13:52  Zergling x6  
  174  13:58  Zergling x10  
  174  13:59  Lurker x2, Unknown  
  174  14:00  Lurker  
  174  14:01  Spine Crawler  
  174  14:02  Spore Crawler  
  179  14:03  Zergling x2  
  180  14:11  Zergling x2  
  158  14:17  Hydralisk x4  
  158  14:18  Hydralisk x3  
  158  14:21  Hydralisk  
  153  14:26  Corruptor x2  
  153  14:27  Corruptor  
  157  14:32  Spore Crawler x2  
  157  14:33  Spore Crawler x2  
  157  14:34  Spore Crawler  
  157  14:35  Hatchery  
  157  14:36  Spore Crawler  
  157  14:38  Corruptor x3  
  150  14:39  Spore Crawler x2  
  150  14:40  Zergling x14  
  161  14:49  Corruptor x3  
  159  15:08  Corruptor  
  159  15:09  Corruptor x4  
  159  15:12  Hatchery  
  159  15:13  Zergling x2  
  159  15:14  Zergling x22  
  180  15:23  Spore Crawler  
  180  15:25  Spore Crawler  
  180  15:26  Spore Crawler  
  180  15:27  Spore Crawler  
  175  15:33  Corruptor x5  
  172  15:39  Zergling x14  
  145  15:53  Corruptor x4  
  141  16:02  Corruptor  
  141  16:03  Zergling x2  
  141  16:04  Zergling x2  
  139  16:11  Hydralisk x2  
  125  16:16  Hydralisk  
  125  16:18  Zergling x4  
  119  16:21  Extractor  
  118  16:29  Viper x2  
  124  16:34  Zerg Flyer Armor Level 2  
  124  16:37  Zerg Flyer Weapons Level 1  
  124  16:53  Corruptor x2  
  120  17:06  Hatchery  
  119  17:13  Drone x4  
  123  17:17  Lurker x3  
  126  17:24  Corruptor  
  128  17:36  Hatchery  
  127  17:43  Pathogen Glands  
  127  17:49  Corruptor  
  129  17:51  Corruptor  
  131  18:01  Corruptor  
  134  18:11  Corruptor x3  
  139  18:18  Corruptor x2  
  133  18:30  Drone x6  
  136  18:53  Hatchery  
  136  18:55  Drone x6  
  141  18:59  Infestor  
  141  19:01  Infestor  
  145  19:10  Infestor x2  
  145  19:14  Infestor  
  148  19:33  Brood Lord x3  
  148  19:36  Brood Lord  
  156  19:43  Corruptor  
  158  19:46  Corruptor  
  159  19:52  Corruptor  
  161  20:03  Infestor x2  
  161  20:05  Brood Lord  
  161  20:06  Brood Lord  
  154  20:21  Corruptor x3  
  154  20:25  Infestor x2  
  164  20:33  Hydralisk x2  
  168  20:45  Hydralisk  
  157  21:02  Infestor x2  
  155  21:19  Corruptor x2  
  155  21:21  Zergling x18  
  155  21:22  Zergling x2  
  169  21:25  Spore Crawler  
  169  21:26  Spore Crawler x2  
  169  21:29  Spore Crawler  
  165  21:33  Drone  
  165  21:34  Drone x3  
  165  21:35  Drone  
  165  21:36  Drone x2  
  165  21:37  Drone  
  173  21:49  Brood Lord  
  175  21:57  Corruptor  
  177  22:07  Hatchery  
  176  22:13  Brood Lord  
  171  22:33  Brood Lord x2  
  175  22:37  Corruptor  
  175  22:38  Corruptor  
  175  22:42  Zergling x4  
  181  22:50  Overlord x2  
  181  22:58  Pneumatized Carapace  
  181  22:59  Overseer x2  
  175  23:29  Drone  
Tags
 
Add a new tag
Caveats
  • Supply blocks, unpowered buildings, or Contaminate may cause inaccurate times.
  • Supply counts are checked every 10 seconds.